 Dungeon Crawl Stone Soup version 0.18-a0-1773-gec4f98e (webtiles) character file.

68 Ijustatesigmund the Ruffian (level 4, -1/45 HPs)
             Began as a Troll Monk on Apr 14, 2016.
             Slain by a gnoll
             ... wielding a +0 spear
              (6 damage)
             ... on level 2 of the Dungeon.
             The game lasted 00:02:11 (731 turns).

Ijustatesigmund the Ruffian (Troll Monk)             Turns: 731, Time: 00:02:11

Health: -1/45      AC:  5    Str: 19    XL:     4   Next: 1%
Magic:  3/3        EV: 10    Int:  6    God:
Gold:   55         SH:  0    Dex: 13    Spells: 0 memorised, 3 levels left

rFire  . . .     SeeInvis .       - Unarmed
rCold  . . .     Gourm    +     a - +0 robe
rNeg   . . .     Faith    .     (no shield)
rPois  .         Spirit   .     (helmet restricted)
rElec  .         Dismiss  .     (no cloak)
rCorr  +         Reflect  .     (gloves unavailable)
SustAt .         Harm     .     (boots unavailable)
MR     .....                    (no amulet)
Stlth  +.........               (no ring)
                                l - ring of resist corrosion

@: not resistant to hostile enchantments, very unstealthy
A: unfitting armour, claws 3, fast metabolism 3, gourmand, regeneration 2,
shaggy fur 1, tough skin 2
a: no special abilities


You were on level 2 of the Dungeon.
You were full.

You visited 1 branch of the dungeon, and saw 2 of its levels.

You collected 55 gold pieces.

Inventory:

Armour
 a - a +0 robe (worn)
Jewellery
 k - an uncursed amulet of dismissal
 l - a ring of resist corrosion (left claw)
Scrolls
 c - 2 scrolls of blinking {unknown}
 e - a scroll of identify {unknown}
 h - 2 scrolls of noise {unknown}
 i - 2 scrolls of remove curse {unknown}
 m - a scroll of enchant armour {unknown}
 p - a scroll of magic mapping {unknown}
Potions
 d - a potion of brilliance {unknown}
 f - a potion of mutation {unknown}
 g - a potion of invisibility {unknown}
 j - a potion of heal wounds {unknown}
 o - a potion of flight {unknown}
Comestibles
 b - 2 bread rations
 n - a beef jerky


   Skills:
 + Level 3.3 Fighting
 - Level 2.4 Dodging
 - Level 1.1 Stealth
 + Level 4.8 Unarmed Combat


You had 3 spell levels left.
You didn't know any spells.

Dungeon Overview and Level Annotations

Branches:
Dungeon (2/15)

Altars:
Pakellas


Innate Abilities, Weirdness & Mutations

You are too large for most types of armour.
You have claws for hands.
Your metabolism is lightning-fast.
You like to eat raw meat.
You heal very quickly.
You are covered in fur (AC +1).
You have very tough skin (AC +2).


Message History

The gnoll is severely wounded.
The gnoll barely misses you. The gnoll hits you with a club.
You closely miss the gnoll.
The gnoll is severely wounded.
The gnoll hits you but does no damage.
You barely miss the gnoll.
The gnoll is severely wounded.
The gnoll hits you but does no damage.
The gnoll hits you from afar with a spear!
* * * LOW HITPOINT WARNING * * *
You closely miss the gnoll.
The gnoll is severely wounded.
The gnoll closely misses you. x2
You scratch the gnoll.
You kill the gnoll!
You have reached level 4!
The gnoll hits you from afar with a spear!
* * * LOW HITPOINT WARNING * * *
The gnoll hits you with a spear.
You die...

#..#.#.#.............#
...............#.######
.. ...#.#.#.##.#.#
......#........#
..#.###.#.##.###
..............#
.#.###.####### #.# #@#
#...g........
#.###.####### #.# #.#
..# #.# #.#


You could see a gnoll.

Vanquished Creatures
  3 gnolls (D:2)
  An ooze (D:1)
  3 dart slugs (D:1)
  A giant cockroach (D:1)
  3 goblins
  5 hobgoblins
  3 jackals (D:1)
  2 bats (D:1)
  A giant newt (D:1)
  5 kobolds (D:1)
  3 rats (D:1)
30 creatures vanquished.

Notes
Turn   | Place    | Note
--------------------------------------------------------------
     0 | D:1      | Ijustatesigmund the Troll Monk began the quest for the Orb.
     0 | D:1      | Reached XP level 1. HP: 22/22 MP: 0/0
   238 | D:1      | Reached XP level 2. HP: 29/29 MP: 1/1
   446 | D:1      | Reached XP level 3. HP: 36/36 MP: 2/2
   645 | D:2      | Found an oddly glowing altar of Pakellas.
   730 | D:2      | Reached XP level 4. HP: 14/45 MP: 3/3
   731 | D:2      | Slain by a gnoll

Vault maps used:
D:1:      tarquinn_simple_flora_water_d
D:2:      grunt_pakellas_sulfur

Skill      XL: |  1  2  3 |
---------------+----------+-----
Fighting       | 3 |  3.3
Dodging        | |  2.4
Stealth        | |  1.1
Unarmed Combat | |  4.8

Action                   |  1- 3 |  4- 6 || total
-------------------------+-------+-------++-------
Melee: Unarmed           |    94 |       ||    94
       Punch             |     1 |       ||     1
  Eat: Chunk             |     8 |       ||     8
Armor: Robe              |    31 |       ||    31
Dodge: Dodged            |    59 |       ||    59
